 Dungeon Crawl Stone Soup version 0.27-a0-1193-g8631133539 (webtiles) character file.

Game seed: 12069594918496093431

3462 senseless the Nimble (level 10, -5/80 HPs)
             Began as a Gnoll Monk on May 26, 2021.
             Was a Believer of Cheibriados.
             Slain by a sun demon (15 damage)
             ... summoned by a kobold demonologist
             ... on level 6 of the Dungeon.
             The game lasted 00:19:54 (6730 turns).

senseless the Nimble (Gnoll Monk)                   Turns: 6730, Time: 00:19:55

Health: -5/80      AC: 21    Str: 19    XL:     10   Next: 6%
Magic:  17/17      EV: 11    Int: 13    God:    Cheibriados [**....]
Gold:   281        SH:  5    Dex: 18    Spells: 18/18 levels left

rFire    . . .     SeeInvis .   y - +3 halberd (freeze)
rCold    + . .     Faith    .   (shield currently unavailable)
rNeg     . . .     Spirit   .   n - +3 chain mail {rPois}
rPois    +         Reflect  +   g - +2 helmet
rElec    .         Harm     .   (no cloak)
rCorr    .         Rampage  .   v - +0 pair of gloves
Will     .....                  (no boots)
Stlth    +.........             k - amulet of reflection
HPRegen  0.23/turn              f - ring of protection from cold
MPRegen  0.15/turn              m - +4 ring of protection

@: very slow
A: fangs 1, strong nose, distributed training
a: Renounce Religion, Bend Time


You were on level 6 of the Dungeon.
You worshipped Cheibriados.
Cheibriados was pleased with you.
You visited 2 branches of the dungeon, and saw 7 of its levels.

You collected 281 gold pieces.

Inventory:

Hand Weapons
 a - a +0 hand axe
 c - a +3 war axe of freezing
 s - a +5 dagger
 y - a +3 halberd of freezing (weapon)
Armour
 b - a +0 robe
 g - a +2 helmet (worn)
 n - a +3 chain mail of poison resistance (worn)
 v - a +0 pair of gloves (worn)
 x - a scarf of shadows
Jewellery
 e - a ring of ice
 f - a ring of protection from cold (left hand)
 k - an amulet of reflection (around neck)
 m - a +4 ring of protection (right hand)
Wands
 u - a wand of polymorph (4)
 A - a wand of flame (12)
Scrolls
 p - 2 scrolls of teleportation
 w - a scroll of identify
 z - a scroll of enchant weapon
Potions
 d - a potion of attraction {unknown}
 h - 2 potions of ambrosia {unknown}
 i - 3 potions of lignification
 j - 3 potions of might
 l - a potion of magic {unknown}
 o - 2 potions of cancellation
 q - 3 potions of curing
 r - a potion of haste {unknown}
 t - a potion of heal wounds {unknown}


   Skills:
 + Level 8.2 Fighting
 + Level 4.9 Short Blades
 + Level 4.9 Long Blades
 + Level 8.2 Axes
 + Level 4.9 Maces & Flails
 + Level 4.9 Polearms
 + Level 4.9 Staves
 + Level 4.9 Slings
 + Level 4.9 Bows
 + Level 4.9 Crossbows
 + Level 4.9 Throwing
 + Level 4.9 Armour
 + Level 8.2 Dodging
 + Level 6.5 Stealth
 + Level 4.9 Shields
 + Level 4.9 Unarmed Combat
 + Level 4.9 Spellcasting
 + Level 4.0 Conjurations
 + Level 4.0 Hexes
 + Level 4.0 Summonings
 + Level 4.0 Necromancy
 + Level 4.0 Translocations
 + Level 4.0 Transmutations
 + Level 4.0 Fire Magic
 + Level 4.0 Ice Magic
 + Level 4.0 Air Magic
 + Level 4.0 Earth Magic
 + Level 4.0 Poison Magic
 + Level 5.3 Invocations
 + Level 4.9 Evocations


You had 18 spell levels left.
You didn't know any spells.
Your spell library contained the following spells:

 Spells                   Type           Power      Damage    Failure   Level
 Foxfire                  Conj/Fire      52%        2x1d6     36%         1
 Confusing Touch          Hex            13%        N/A       75%         3
 Conjure Flame            Conj/Fire      13%        6-21      75%         3
 Gell's Gravitas          Tloc           6%         N/A       75%         3
 Inner Flame              Hex/Fire       13%        N/A       75%         3
 Petrify                  Tmut/Erth      13%        N/A       98%         4
 Sticky Flame             Conj/Fire      13%        2d4       98%         4
 Fireball                 Conj/Fire      6%         3d5       100%        5
 Metabolic Englaciation   Hex/Ice        6%         N/A       100%        5
 Yara's Violent Unravell  Hex/Tmut       6%         3d5       100%        5


Dungeon Overview and Level Annotations

Branches:
Dungeon (6/15)             Temple (1/1) D:6

Altars:
Ashenzari
Cheibriados
Elyvilon
Qazlal
Ru
Trog
Uskayaw
Vehumet
Xom
Yredelemnul
Zin

Shops:
D:4 [   D:5 =   D:6 =*

Annotations:
D:6 1 transporter


Innate Abilities, Weirdness & Mutations

You have very sharp teeth.
Your uncanny sense of smell can sniff out nearby items.
Your experience applies equally to all skills.


Message History

Your +3 war axe of freezing stops glowing.
Your +3 halberd of freezing glows with a cold blue light!
y - a +3 halberd of freezing (weapon)
The orc priest invokes the aid of Beogh against you.
Pain shoots through your body!
The shadow imp disappears for a moment.
The kobold demonologist mumbles some strange words.
There is an open door here.
The shadow imp gestures at you.
You struggle to resist.
The orc priest looks encouraged for a moment.
You reach to attack!
You puncture the orc priest! You freeze the orc priest.
The orc priest is heavily wounded.
The kobold demonologist looks satisfied for a moment.
The shadow imp gestures at you.
You struggle to resist.
You reach to attack!
You slice the orc priest!! You freeze the orc priest.
You kill the orc priest!
Cheibriados thoroughly appreciates the change of pace.
You reach to attack!
You barely miss the orc priest.
The kobold demonologist gestures wildly while chanting.
The orc priest looks braver for a moment.
You slash the iron imp! You freeze the iron imp.
The iron imp is severely wounded.
The orc priest mumbles some strange prayers to Beogh against you.
Pain shoots through your body! The shadow imp gestures at you.
You struggle to resist.
You block the iron imp's attack.
You puncture the iron imp!
You kill the iron imp!
You closely miss the sun demon. You block the sun demon's attack.
The sun demon hits you.
You are engulfed in flames!
The orc priest calls down the wrath of Beogh upon you.
Beogh smites you!
You are too injured to fight recklessly!
The kobold demonologist looks satisfied for a moment.
The sun demon hits you!!
* * * LOW HITPOINT WARNING * * *
You are engulfed in flames!
You die...

#.# #.# #.###.#.#...#.#.. ##.#
#.# #.##.###....#.#.. ...#
##.#########...#####...#.#..
######..)).............#.#....#.♣
.(.....###############..##.####.♣
######.#8≈#..K54o5#P8#.###.# #.♣
##.#P.#≈≈≈≈≈≈≈#.P#.###.# #.. ##
##..#$?#..≈≈≈..#..#..##.# ##. .#
#..©#©)+..≈⌠≈@.'.©#©..#.# ##
.###...#$[#..≈≈≈3.#..#.....# #
.......#P.#≈≈≈≈≈≈≈#.P#.###.######
.####..#8≈#....55o#P8#....#......
.# #..###############.###.######
.# ##.................# #.# .#
###.############### #.#
.#######.# ###############.######
.......#.# #.....................


You could see a sun demon (summoned), a rust devil (summoned), a kobold
demonologist, 2 orc priests and 4 shadow imps.

Vanquished Creatures
  A hornet (D:5)
  Grinder (D:5)
  Sigmund (D:4)
  An orc warrior (D:6)
  2 ice beasts (D:6)
  4 black bears
  3 sky beasts
  2 necrophages (D:6)
  3 ogres
  Blork the orc (D:5)
  An elf zombie (D:6)
  2 bullfrogs (D:6)
  An elf skeleton (D:6)
  A scorpion (D:4)
  A water moccasin skeleton (D:6)
  7 wights
  2 jellies
  2 centaur zombies (D:5)
  2 hounds
  A human zombie (D:6)
  5 orc priests (D:6)
  Terence (D:2)
  Jessica (D:3)
  A bullfrog skeleton (D:4)
  2 iguanas (D:5)
  A human skeleton (D:6)
  2 orc wizards
  A killer bee zombie (D:6)
  2 howler monkey zombies (D:4)
  Robin (D:2)
  4 gnolls (D:2)
  6 adders
  A river rat (D:5)
  5 ufetubi
  2 worms (D:2)
  3 dart slugs
  13 orcs
  3 bats
  9 endoplasms
  3 giant cockroaches
  9 goblins
  10 hobgoblins
  4 jackals (D:1)
  7 kobolds
  7 quokkas
  9 ball pythons
  5 frilled lizards
  2 orc skeletons (D:6)
  4 rats
162 creatures vanquished.

Vanquished Creatures (others)
  A wizard (D:5)
  29 plants
30 creatures vanquished.

Grand Total: 192 creatures vanquished

Notes
Turn   | Place    | Note
-------+----------+-------------------------------------------
     0 | D:1      | senseless the Gnoll Monk began the quest for the Orb.
     0 | D:1      | Reached XP level 1. HP: 23/23 MP: 1/1
    54 | D:1      | Reached XP level 2. HP: 24/29 MP: 2/2
   471 | D:1      | Reached XP level 3. HP: 35/35 MP: 3/3
   651 | D:1      | You fall into a shaft and drop 1 floor!
   651 | D:2      | Noticed Robin
   660 | D:2      | Killed Robin
   661 | D:2      | Reached skill level 1 in Invocations
   774 | D:2      | Reached skill level 1 in Short Blades
   774 | D:2      | Reached skill level 1 in Long Blades
   774 | D:2      | Reached skill level 1 in Maces & Flails
   774 | D:2      | Reached skill level 1 in Polearms
   774 | D:2      | Reached skill level 1 in Staves
   774 | D:2      | Reached skill level 1 in Slings
   774 | D:2      | Reached skill level 1 in Bows
   774 | D:2      | Reached skill level 1 in Crossbows
   774 | D:2      | Reached skill level 1 in Throwing
   774 | D:2      | Reached skill level 1 in Armour
   774 | D:2      | Reached skill level 1 in Shields
   774 | D:2      | Reached skill level 1 in Unarmed Combat
   774 | D:2      | Reached skill level 1 in Spellcasting
   774 | D:2      | Reached skill level 1 in Evocations
   829 | D:2      | Reached XP level 4. HP: 36/41 MP: 5/5
  1011 | D:2      | Noticed Terence
  1018 | D:2      | Reached skill level 1 in Conjurations
  1018 | D:2      | Reached skill level 1 in Hexes
  1018 | D:2      | Reached skill level 1 in Summonings
  1018 | D:2      | Reached skill level 1 in Necromancy
  1018 | D:2      | Reached skill level 1 in Translocations
  1018 | D:2      | Reached skill level 1 in Transmutations
  1018 | D:2      | Reached skill level 1 in Fire Magic
  1018 | D:2      | Reached skill level 1 in Ice Magic
  1018 | D:2      | Reached skill level 1 in Air Magic
  1018 | D:2      | Reached skill level 1 in Earth Magic
  1018 | D:2      | Reached skill level 1 in Poison Magic
  1031 | D:2      | Killed Terence
  1032 | D:2      | Reached XP level 5. HP: 10/47 MP: 5/7
  2340 | D:3      | Noticed Jessica
  2343 | D:3      | Killed Jessica
  2495 | D:3      | Found a sacrificial altar of Ru.
  2500 | D:3      | Found a white marble altar of Elyvilon.
  2525 | D:3      | Noticed a black bear
  2531 | D:3      | Killed a black bear
  2532 | D:3      | Reached XP level 6. HP: 52/53 MP: 8/8
  2761 | D:3      | Found a hide-covered altar of Uskayaw.
  3593 | D:3      | Reached XP level 7. HP: 51/59 MP: 10/10
  3829 | D:4      | Noticed Sigmund
  3834 | D:4      | Killed Sigmund
  3835 | D:4      | Reached skill level 5 in Stealth
  3993 | D:4      | Found Avveuc Mydgh's Armour Boutique.
  4029 | D:4      | Found a basalt altar of Yredelemnul.
  4108 | D:5      | Entered Level 5 of the Dungeon
  4170 | D:5      | Reached XP level 8. HP: 66/67 MP: 12/12
  4228 | D:5      | Noticed Blork the orc
  4234 | D:5      | Killed Blork the orc
  4481 | D:5      | Noticed a hornet
  4497 | D:5      | Killed a hornet
  4807 | D:5      | Noticed Grinder
  4813 | D:5      | Paralysed by Grinder for 7 turns
  4824 | D:5      | Killed Grinder
  4825 | D:5      | Reached XP level 9. HP: 61/73 MP: 14/14
  4903 | D:5      | Found a bloodstained altar of Trog.
  4906 | D:5      | Noticed a wizard
  4911 | D:5      | Killed a wizard
  5068 | D:5      | Found Hapiyh's Jewellery Shoppe.
  5303 | D:6      | Found a staircase to the Ecumenical Temple.
  5391 | D:6      | Found a stormy altar of Qazlal.
  5425 | D:6      | Found a transporter.
  5736 | D:6      | Noticed a kobold demonologist
  5743 | D:6      | Found a transporter.
  5837 | D:6      | Found Pydanofe's Jewellery Shop.
  5916 | D:6      | Reached skill level 5 in Invocations
  6171 | D:6      | Found Lasaerch's Assorted Antiques.
  6302 | D:6      | Reached XP level 10. HP: 61/80 MP: 17/17
  6645 | Temple   | Entered the Ecumenical Temple
  6668 | Temple   | Became a worshipper of Cheibriados the Contemplative
  6668 | Temple   | Reached * piety under Cheibriados
  6668 | Temple   | Reached ** piety under Cheibriados
  6719 | D:6      | Noticed a rust devil
  6727 | D:6      | Noticed a sun demon
  6730 | D:6      | Slain by a sun demon

Illustrated notes

Levels and vault maps discovered:
D:1:      kennysheep_arrival_forest, layout_rooms
D:2:      layout_basic, serial_bayou, serial_bayou_lagoon_a,
          serial_bayou_pond_d, serial_bayou_pond_b, serial_bayou_pond_d,
          minmay_misc_feat_four_crosses, lemuel_another_geyser, uniq_terence,
          uniq_robin
D:3:      wander_river, layout_loops_ring, nicolae_overflow_crystal_walls,
          minitemple, serial_forest, infiniplex_forest_straight_2,
          infiniplex_forest_end_2, infiniplex_forest_fountain,
          infiniplex_forest_lined_corner, infiniplex_forest_clump_long,
          infiniplex_forest_clump_double, infiniplex_forest_clump_large,
          uniq_jessica
D:4:      layout_cave_pools, lemuel_zombie_altar_yredelemnul, serial_shops,
          kennysheep_mini, uniq_sigmund
D:5:      layout_loops_corners, trog_wizard, serial_shops, shop,
          gup_sewer_entry_bowl, uniq_blork_the_orc, uniq_grinder
D:6:      gammafunk_wand_slinger, layout_loops_ring,
          nicolae_qazlal_general_emergency, minmay_temple_entry_water_ring,
          serial_shops, shop, shop, nicolae_ossuary_entry_catacombs
Temple:   regret_index_temple_waves

Skill      XL: |  1  2  3  4  5  6  7  8  9 10 |
---------------+-------------------------------+-----
Invocations    | 1 2 3 4 5 |  5.3
Short Blades   | 1 2 3 4 |  4.9
Long Blades    | 1 2 3 4 |  4.9
Maces & Flails | 1 2 3 4 |  4.9
Polearms       | 1 2 3 4 |  4.9
Staves         | 1 2 3 4 |  4.9
Slings         | 1 2 3 4 |  4.9
Bows           | 1 2 3 4 |  4.9
Crossbows      | 1 2 3 4 |  4.9
Throwing       | 1 2 3 4 |  4.9
Armour         | 1 2 3 4 |  4.9
Shields        | 1 2 3 4 |  4.9
Unarmed Combat | 1 2 3 4 |  4.9
Spellcasting   | 1 2 3 4 |  4.9
Evocations     | 1 2 3 4 |  4.9
Conjurations   | 1 2 3 4 |  4.0
Hexes          | 1 2 3 4 |  4.0
Summonings     | 1 2 3 4 |  4.0
Necromancy     | 1 2 3 4 |  4.0
Translocations | 1 2 3 4 |  4.0
Transmutations | 1 2 3 4 |  4.0
Fire Magic     | 1 2 3 4 |  4.0
Ice Magic      | 1 2 3 4 |  4.0
Air Magic      | 1 2 3 4 |  4.0
Earth Magic    | 1 2 3 4 |  4.0
Poison Magic   | 1 2 3 4 |  4.0
Fighting       | 7 8 |  8.2
Axes           | 7 8 |  8.2
Dodging        | 7 8 |  8.2
Stealth        | 5 6 |  6.5

Action                   |  1- 3 |  4- 6 |  7- 9 | 10-12 || total
-------------------------+-------+-------+-------+-------++-------
Melee: War axe           |    56 |   107 |   280 |     8 ||   451
       Bite              |     2 |     8 |    22 |     2 ||    34
       Punch             |       |       |     2 |     1 ||     3
       Halberd           |       |       |       |     6 ||     6
  Use: Potion            |       |     1 |       |       ||     1
       Scroll            |       |     6 |     5 |       ||    11
 Stab: Sleeping          |     6 |     2 |       |       ||     8
Armor: Robe              |     2 |     3 |       |       ||     5
       Chain mail        |       |    41 |   168 |     2 ||   211
Dodge: Dodged            |    32 |    52 |   104 |     5 ||   193
Block: Other             |     1 |    22 |    41 |     5 ||    69

Table legend: (Time is in decaauts)
 A = Elapsed time spent in this place.
 B = Non-inter-level travel time spent in this place.
 C = Inter-level travel time spent in this place.
 D = Time resting spent in this place.
 E = Time spent auto-exploring this place.
 F = Levels seen in this place.
 G = Mean time per level.
                   A        B        C        D        E       F      G
               +--------+--------+--------+--------+--------+-----+--------+
         Total |   6881 |   6519 |    362 |    315 |   4781 |   7 |  983.0 |
       Dungeon |   6821 |   6490 |    331 |    315 |   4762 |   6 | 1136.8 |
        Temple |     59 |     28 |     31 |      0 |     19 |   1 |   59.0 |
               +--------+--------+--------+--------+--------+-----+--------+

Top non-repeatable levels by time:
     D:6: 1407 daAuts
     D:2: 1404 daAuts
     D:5: 1213 daAuts
     D:3: 1162 daAuts
     D:1: 925 daAuts
     D:4: 708 daAuts
  Temple: 59 daAuts
